 Dungeon Crawl Stone Soup version 0.23-a0-558-g30802b1 (webtiles) character file.

40 zishaf the Chopper (level 3, -6/34 HPs)
             Began as a Deep Dwarf Monk on Dec 11, 2018.
             Mangled by Sigmund
             ... wielding a +0 scythe
              (7 damage)
             ... on level 2 of the Dungeon.
             The game lasted 00:03:43 (946 turns).

zishaf the Chopper (Deep Dwarf Monk)                 Turns: 946, Time: 00:03:43

Health: -6/34      AC:  8    Str: 15    XL:     3   Next: 30%
Magic:  3/3        EV: 10    Int: 10    God:
Gold:   79         SH:  0    Dex: 15    Spells: 2/2 levels left

rFire    . . .     SeeInvis .   a - +0 hand axe
rCold    . . .     Gourm    +   (no shield)
rNeg     . . .     Faith    .   n - +0 chain mail
rPois    .         Spirit   .   (no helmet)
rElec    .         Reflect  .   (no cloak)
rCorr    .         Harm     .   (no gloves)
MR       .....     Rnd*Tele +   (no boots)
Stlth    ..........             m - amulet of the gourmand
HPRegen  0.00/turn              e - +3 ring of evasion
MPRegen  0.08/turn              j - ring of teleportation (curse)

@: non-regenerating
A: damage resistance, heal wounds, sense surroundings 1, no regeneration
a: Heal Wounds


You were on level 2 of the Dungeon.
You were not hungry.

You visited 1 branch of the dungeon, and saw 2 of its levels.

You collected 79 gold pieces.

Inventory:

Hand Weapons
 a - a +0 hand axe (weapon)
Missiles
 k - 3 javelins (quivered)
Armour
 b - a +0 robe
 n - a +0 chain mail (worn)
Jewellery
 e - a +3 ring of evasion (left hand)
 j - a cursed ring of teleportation (right hand)
 m - an amulet of the gourmand (around neck)
Scrolls
 f - a scroll of random uselessness {unknown}
 h - a scroll of teleportation {unknown}
 i - a scroll of remove curse {unknown}
 l - a scroll of noise {unknown}
Potions
 g - a potion of lignification {unknown}
Comestibles
 c - a ration
 d - a chunk of flesh


   Skills:
 + Level 3.1 Fighting
 + Level 3.7 Axes
 + Level 0.0 Armour
 + Level 3.7 Dodging
 - Level 3.2 Stealth


You had 2 spell levels left.
You didn't know any spells.
Your spell library was empty.

Dungeon Overview and Level Annotations

Branches:
Dungeon (2/15)

Altars:

Annotations:
D:2 Sigmund


Innate Abilities, Weirdness & Mutations

You are resistant to damage.
You can heal yourself by infusing magical energy.
You passively map a small area around you.
You do not regenerate.


Message History

Deactivating autopickup; reactivate with Ctrl-A.
You miss something. Something hits you.
You hit something. You miss something. Something hits you!
You hit something.
You hear some strange, mumbled words.
A magic dart appears from out of thin air!
The magic dart hits you!
* * * LOW HITPOINT WARNING * * *
You miss something. Something hits you.
* * * LOW HITPOINT WARNING * * *
You hit something.
You hear some strange, mumbled words.
A puff of flame appears from out of thin air!
The puff of flame hits you!
You barely miss something. Something hits you but does no damage.
You closely miss something. You hit something. Something completely misses you.
You closely miss something. Something hits you!
You die...

*
#..##.###.#
#.....# # ,
* ,
#.#######.
#.........*
#.########
* , #.# *
#.# , ,
#.###.# *
#..{@.# *
#.##### , ,
* , * *


There were no monsters in sight!

Vanquished Creatures
  An adder (D:2)
  2 dart slugs (D:1)
  A ball python (D:1)
  A goblin (D:1)
  5 hobgoblins
  2 jackals (D:1)
  4 bats (D:1)
  A frilled lizard (D:1)
  6 kobolds
  4 rats (D:1)
27 creatures vanquished.

Notes
Turn   | Place    | Note
-------+----------+-------------------------------------------
     0 | D:1      | zishaf the Deep Dwarf Monk began the quest for the Orb.
     0 | D:1      | Reached XP level 1. HP: 20/20 MP: 1/1
   182 | D:1      | Reached XP level 2. HP: 16/27 MP: 2/2
   800 | D:2      | Reached XP level 3. HP: 6/34 MP: 3/3
   930 | D:2      | Noticed Sigmund
   941 | D:2      | HP: 1/34 [something (3)]
   946 | D:2      | Mangled by Sigmund

Vault maps used:
D:1:      lightli_arrival_lavapool
D:2:      nemelex_xobeh_ov_fountains_minmay, nrook_loot_triangle, uniq_natasha,
          uniq_sigmund, uniq_crazy_yiuf_cottage

Skill      XL: |  1  2 |
---------------+-------+-----
Stealth        | 3 |  3.2
Fighting       | 3 |  3.1
Axes           | |  3.7
Dodging        | |  3.7

Action                   || total
-------------------------++-------
Melee: Hand axe          ||   104
Throw: Javelin           ||     7
 Abil: Heal Wounds       ||     1
 Stab: Sleeping          ||     5
Armor: Robe              ||     4
       Chain mail        ||     3
Dodge: Dodged            ||    71

Table legend:
 A = Non-vault XP
 B = Vault XP
 C = Vault XP percentage of total XP
 D = Non-vault monster count
 E = Vault monster count
 F = Vault count percentage of total count
                 A         B        C        D         E       F
            +---------+---------+-------+---------+---------+-------
      Total |      58 |       0 |   0.0 |      27 |       0 |   0.0
            +---------+---------+-------+---------+---------+-------
        D:1 |      37 |       0 |   0.0 |      22 |       0 |   0.0
        D:2 |      21 |       0 |   0.0 |       5 |       0 |   0.0
            +---------+---------+-------+---------+---------+-------
